 Dungeon Crawl Stone Soup version 0.28.0-43-g3370ac3207 (webtiles) character file.

Game seed: 15074051285597702680

1281 CryoSword the Insei (level 8, -3/67 HPs)
             Began as a Red Draconian Transmuter on Mar 23, 2022.
             Was an Initiate of Dithmenos.
             Slain by a yak (11 damage)
             ... on level 5 of the Dungeon.
             The game lasted 00:09:17 (7018 turns).

CryoSword the Insei (Red Draconian Transmuter)      Turns: 7018, Time: 00:09:17

Health: -3/67      AC: 10    Str: 12    XL:     8   Next: 29%
Magic:  11/12      EV: 12    Int: 16    God:    Dithmenos [......]
Gold:   100        SH:  0    Dex: 12    Spells: 6/12 levels left

rFire   + . .      SeeInvis .     - Unarmed
rCold   . . .      Faith    .   (no shield)
rNeg    . . .      Spirit   .   (armour unavailable)
rPois   .          Reflect  .   (helmet currently unavailable)
rElec   .          Harm     .   (no cloak)
rCorr   .          Rampage  .   (no gloves)
Will    .....                   (boots currently unavailable)
Stlth   ++........              (no amulet)
HPRegen 0.21/turn               m - +4 ring of protection
MPRegen 0.13/turn               (no ring)

@: short of breath, appendages
A: horns 2, talons 2, breathe fire, AC +6, unfitting armour, fire resistance 1,
cold-blooded
a: Breathe Fire, End Transformation, Renounce Religion


You were on level 5 of the Dungeon.
You worshipped Dithmenos.
Dithmenos was noncommittal.
You had temporarily grown beastly horns and talons.
You visited 2 branches of the dungeon, and saw 7 of its levels.

You collected 195 gold pieces.
You spent 95 gold pieces at shops.

Inventory:

Missiles
 a - 6 poisoned darts
 e - 6 silver boomerangs
 j - 2 boomerangs
Jewellery
 m - a +4 ring of protection (left hand)
   (You found it on level 5 of the Dungeon)
Scrolls
 f - a scroll of blinking {unknown}
 k - a scroll of fog
 l - a scroll of teleportation {unknown}
 q - a scroll of immolation {unknown}
 r - a scroll of summoning {unknown}
 s - a scroll of vulnerability {unknown}
 t - a scroll of brand weapon {unknown}
 u - a scroll of noise {unknown}
 w - a scroll of identify {@r1}
Potions
 b - 2 potions of heal wounds {@q2}
 c - a potion of invisibility
 d - a potion of degeneration {unknown}
 g - a potion of cancellation {unknown}
 h - a potion of mutation {unknown}
 i - a potion of brilliance {unknown}
 n - 2 potions of curing {@q1}
 o - a potion of magic {unknown}
 p - a potion of lignification {unknown}
 v - a potion of attraction {unknown}


   Skills:
 + Level 4.5 Fighting
 + Level 2.6 Dodging
 + Level 2.1 Stealth
 * Level 6.6 Unarmed Combat
 + Level 2.8 Spellcasting
 - Level 5.0 Transmutations
 - Level 3.0 Poison Magic


You had 6 spell levels left.
You knew the following spells:

 Your Spells              Type           Power      Damage    Failure   Level
a - Beastly Appendage     Tmut           36%        N/A       2%          1
b - Wereblood             Tmut           18%        N/A       3%          2
c - Spider Form           Tmut/Pois      15%        N/A       11%         3

Your spell library contained the following spells:

 Spells                   Type           Power      Damage    Failure   Level
 Magic Dart               Conj           8%         1d3       19%         1
 Shock                    Conj/Air       8%         1d3       19%         1
 Blink                    Tloc           4%         N/A       28%         2
 Call Imp                 Summ           2%         N/A       28%         2
 Ensorcelled Hibernation  Hex/Ice        4%         N/A       28%         2
 Mephitic Cloud           Conj/Pois/Air  5%         N/A       36%         3
 Lesser Beckoning         Tloc           2%         N/A       50%         3
 Swiftness                Air            2%         N/A       50%         3
 Ice Form                 Ice/Tmut       10%        N/A       56%         4
 Airstrike                Air            1%         N/A       88%         4
 Anguish                  Hex/Necr       1%         N/A       88%         4
 Manifold Assault         Tloc           2%         N/A       99%         5


Dungeon Overview and Level Annotations

Branches:
Dungeon (6/15)             Temple (1/1) D:4

Altars:
Ashenzari
Cheibriados
Dithmenos
Elyvilon
Fedhas
Gozag
Hepliaklqana
Kikubaaqudgha
Makhleb
Okawaru
Qazlal
Ru
Trog
Uskayaw
Vehumet
Wu Jian
Xom
Yredelemnul
Zin
The Shining One

Shops:
D:3 (   D:6 *


Innate Abilities, Weirdness & Mutations

You have temporarily grown beastly horns and talons.
You can breathe blasts of fire.
Your fiery red scales are hard. (AC +6)
You cannot fit into any form of body armour.
Your flesh is heat resistant. (rF+)
You are cold-blooded and may be slowed by cold attacks.


Message History

You hit the iguana but do no damage. The iguana barely misses you.
You hit the iguana.
The iguana looks as sick as possible!
The iguana closely misses you. The orc barely misses you.
You bite the iguana!
You feel a bit better.
You kill the iguana!
Dithmenos accepts your kill.
Your transformation is almost over.
The orc closely misses you. The orc completely misses you.
You completely miss the bullfrog zombie.
You hiss as the wereblood boils in your veins!
The bullfrog zombie barely misses you. The orc closely misses you.
The orc misses you. x2
You hit the bullfrog zombie.
The bullfrog zombie completely misses you.
The orc completely misses you. The orc hits you with a +0 club.
The orc hits you with a +0 hand axe. The bullfrog zombie hits you.
You bite the bullfrog zombie! The bullfrog zombie misses you.
The orc completely misses you. The orc closely misses you.
The orc hits you with a +0 hand axe.
You completely miss the bullfrog zombie.
You hiss as the wereblood boils in your veins!
The orc barely misses you.
The bullfrog zombie hits you but does no damage.
The orc hits you with a +0 whip of electrocution.
You are electrocuted!
You are too injured to fight recklessly!
You are too injured to fight recklessly!
You are too injured to fight recklessly!
You are too injured to fight recklessly!
You bite the orc!
You feel a bit better.
You kill the orc!
Dithmenos accepts your kill. The orc hits you but does no damage.
The orc closely misses you. The bullfrog zombie barely misses you.
You barely miss the orc. The orc barely misses you. The orc closely misses you.
The bullfrog zombie completely misses you.
The orc barely misses you.
You hit the orc but do no damage.
The orc is poisoned.
You hiss as the wereblood boils in your veins!
The bullfrog zombie hits you. The orc misses you. The orc closely misses you.
The orc completely misses you.
You bite the orc!
You feel a bit better.
You kill the orc!
Dithmenos accepts your kill. The bullfrog zombie barely misses you.
The orc hits you but does no damage. The orc barely misses you.
The bullfrog zombie barely misses you.
You bite the orc!
You feel a bit better.
You kill the orc!
Dithmenos accepts your kill. The orc closely misses you.
The bullfrog zombie barely misses you.
You hit the orc but do no damage.
The orc is poisoned.
The orc barely misses you.
The bullfrog zombie completely misses you.
You hit the orc.
The orc looks even sicker.
Your transformation has ended.
You feel a bit better.
You kill the orc!
Dithmenos accepts your kill. The bullfrog zombie hits you.
You punch the bullfrog zombie! The bullfrog zombie hits you.
You punch the bullfrog zombie! You tail-slap the bullfrog zombie.
You feel a bit better.
You destroy the bullfrog zombie!
Dithmenos accepts your kill.
There is a stone staircase leading up here.
You climb upwards.
There is a stone staircase leading down here.
You start resting.
Your primal bloodlust is almost over.
You start resting.
Your primal bloodlust has ended.
You start resting.
You start resting.
You climb downwards.
There is a stone staircase leading up here.
Things that are here:
a +0 leather armour; a +0 hand axe
Found 14 gold pieces.
Things that are here:
a +0 ring mail; a +0 hand axe
Things that are here:
a +0 leather armour; a +0 hand axe
Things that are here:
a +0 club; an orc corpse
Things that are here:
a +0 ring mail; a +0 whip of electrocution
Found Qiram Affoti's Assorted Antiques.
You now have 195 gold pieces (gained 14).
b - 2 potions of heal wounds {@q2} (gained 1)
There is an entrance to Qiram Affoti's Assorted Antiques here.
t - a scroll labelled MOYRAC EMEMMA;
u - a scroll labelled ICEMYQ OBLAN
v - a bubbling brown potion Thank you for shopping at Qiram Affoti's Assorted Antiques!
w - a scroll of identify {@r1} A yak comes into view.
A yak is nearby!
A yak is nearby!
A yak comes into view.
A yak comes into view.
Found a war axe.
The yak bellows!
Okay, then.
Aim: a yak (81% to hit)
You breathe a blast of fire.
The fiery breath misses the yak.
The yak gores you!
The yak is engulfed in blazing flames.
The yak gores you but does no damage.
You miscast Wereblood.
You are very lightly contaminated with residual magic.
Nothing appears to happen.
The yak is engulfed in blazing flames.
The yak closely misses you. The yak gores you!
Your blood is infused with primal strength.
The yak is engulfed in blazing flames.
The yak gores you! The yak completely misses you.
You miscast Spider Form.
Nothing appears to happen.
The yak is engulfed in blazing flames.
You feel a bit better.
You kill the yak!
Dithmenos accepts your kill. The yak gores you!
* * * LOW HITPOINT WARNING * * *
Your Stealth skill increases to level 2!
You howl as the wereblood boils in your veins!
The yak is engulfed in blazing flames.
There is an entrance to Qiram Affoti's Assorted Antiques here.
You have got your breath back.
Your magical contamination has completely faded away.
There is a stone staircase leading up here.
The yak gores you!
* * * LOW HITPOINT WARNING * * *
You climb upwards.
There is a stone staircase leading down here.
You hit the yak but do no damage.
Your tail-slap misses the yak.
Your primal bloodlust is almost over.
The yak closely misses you.
You punch the yak! Your punch misses the yak. The yak misses you.
You hit the yak. The yak gores you!
* * * LOW HITPOINT WARNING * * *
You hit the yak.
You howl as the wereblood boils in your veins!
Your primal bloodlust has ended.
The yak gores you.
* * * LOW HITPOINT WARNING * * *
You grow a pair of large bovine horns.
Your feet morph into talons.
The yak gores you!
* * * LOW HITPOINT WARNING * * *
Okay, then.
Aim: a yak (lightly wounded, 81% to hit)
You breathe a blast of fire.
The fiery breath hits the yak!
The yak is engulfed in blazing flames.
The yak gores you!
You die...

.........#.........#..........##.
#.....##..........#.........#.##.
#.#...#........................#.
###...............#........#..^..
##........#......##.........##..
##.............#............##...
#..#.##....##Y##........##....)).
..###.#....##..#Y....#..##.##.)))
.## ##.........#@.(..##....#..#..
## #..................#........ #
#.#.......#................#
#.#.##.#..#.###.....##......
##.#..##.#.......#.....##....
#..##.####....#####....##.... #
##..##.# #.##...# ##.........
####...)### #####..## ##........
........# #...## #.#......


You could see a yak.

Vanquished Creatures
  A yak (D:6)
  A wyvern (D:5)
  An ice beast (D:5)
  A necrophage (D:5)
  2 ogres
  2 centaurs
  A bullfrog zombie (D:6)
  3 hounds
  2 jellies (D:4)
  An orc priest (D:4)
  2 iguanas
  Ijyb (D:5)
  A hound skeleton (D:4)
  5 adders
  A shadow imp (D:5)
  A white imp (D:5)
  An ufetubus (D:5)
  2 worms (D:3)
  6 dart slugs
  15 orcs
  8 endoplasms
  3 giant cockroaches
  4 hobgoblins (D:3)
  4 jackals (D:1)
  3 quokkas
  9 ball pythons
  7 bats
  5 frilled lizards
  8 goblins
  8 kobolds
  2 rats
111 creatures vanquished.

Notes
Turn   | Place    | Note
-------+----------+-------------------------------------------
     0 | D:1      | CryoSword the Draconian Transmuter began the quest for the
                  | Orb.
     0 | D:1      | Reached XP level 1. HP: 16/16 MP: 3/3
     5 | D:1      | Noticed an eight-headed hydra
    34 | D:1      | Noticed a death yak
   316 | D:1      | Reached XP level 2. HP: 5/23 MP: 3/5
   572 | D:1      | Learned a level 2 spell: Wereblood
   982 | D:1      | Reached XP level 3. HP: 28/29 MP: 6/6
  1023 | D:1      | Learned a level 3 spell: Spider Form
  1297 | D:2      | Found a shimmering altar of Xom.
  2457 | D:3      | Reached skill level 1 in Poison Magic
  2457 | D:3      | Reached XP level 4. HP: 5/36 MP: 5/7
  2846 | D:3      | Reached skill level 4 in Unarmed Combat
  3293 | D:3      | Found Fiblirhe's Weapon Shoppe.
  3572 | D:4      | Noticed a centaur
  3582 | D:4      | Killed a centaur
  3583 | D:4      | Reached XP level 5. HP: 31/42 MP: 6/8
  3705 | D:4      | Noticed an ogre
  3716 | D:4      | Killed an ogre
  3717 | D:4      | Reached XP level 6. HP: 20/50 MP: 7/9
  4569 | D:4      | Reached skill level 5 in Unarmed Combat
  4744 | D:4      | Found a staircase to the Ecumenical Temple.
  4985 | D:5      | Entered Level 5 of the Dungeon
  5053 | D:5      | Your scales start taking on a fiery red colour.
  5053 | D:5      | Reached XP level 7. HP: 57/57 MP: 10/10
  5053 | D:5      | Gained mutation: Your flesh is heat resistant. (rF+) [Red
                  | Draconian growth]
  5068 | D:5      | Noticed a wyvern
  5090 | D:5      | Killed a wyvern
  5400 | Temple   | Entered the Ecumenical Temple
  5453 | Temple   | Became a worshipper of Dithmenos the Shadowed
  5522 | D:5      | Reached skill level 1 in Stealth
  5522 | D:5      | Reached skill level 5 in Transmutations
  5545 | D:5      | Reached skill level 6 in Unarmed Combat
  5764 | D:5      | Noticed Ijyb
  5771 | D:5      | Killed Ijyb
  6110 | D:5      | Reached XP level 8. HP: 66/66 MP: 11/11
  6929 | D:6      | Found Qiram Affoti's Assorted Antiques.
  6939 | D:6      | Bought a scroll labelled MOYRAC EMEMMA for 33 gold pieces
  6939 | D:6      | Bought a scroll labelled ICEMYQ OBLAN for 33 gold pieces
  6939 | D:6      | Bought a bubbling brown potion for 29 gold pieces
  7018 | D:5      | Slain by a yak

Illustrated notes

Levels and vault maps discovered:
D:1:      sevenhm_arrival_forest_fort_small_2, layout_basic
D:2:      layout_loops_corners, basic_altar,
          nicolae_concentric_dashed_squares_wild, minmay_stone_trees_medium
D:3:      layout_basic, serial_shops, nicolae_shop_hallway_plus,
          hangedman_feature_mirror, minmay_increasing_density
D:4:      layout_gridville, minmay_temple_entry_trees
D:5:      layout_layer_cave, uniq_ijyb
D:6:      layout_cave_pods, ebering_ghost_reflecting_pool, serial_shops, shop,
          uniq_maggie
Temple:   compressed_dpeg_triangle_lava_temple

Skill      XL: |  1  2  3  4  5  6  7  8 |
---------------+-------------------------+-----
Fighting       | 2 3 4 |  4.5
Poison Magic   | 1 2 3 |  3.0
Unarmed Combat | 4 5 6 |  6.6
Transmutations | 3 4 5 |  5.0
Stealth        | 1 2 |  2.1
Dodging        | 2 |  2.6
Spellcasting   | |  2.8

Action                   |  1- 3 |  4- 6 |  7- 9 || total
-------------------------+-------+-------+-------++-------
Melee: Unarmed           |   110 |   135 |    66 ||   311
       Kick              |    19 |    37 |     2 ||    58
       Headbutt          |    12 |    23 |     1 ||    36
       Tailslap          |    16 |    10 |     5 ||    31
       Punch             |     1 |     2 |     1 ||     4
 Cast: Beastly Appendage |    32 |    31 |     3 ||    66
       Spider Form       |       |       |     6 ||     6
       Wereblood         |       |       |     3 ||     3
 Abil: Breathe Fire      |       |       |     5 ||     5
       End Transformatio |       |       |     2 ||     2
  Use: Potion            |       |     1 |       ||     1
       Scroll            |       |     3 |       ||     3
 Stab: Sleeping          |     1 |     1 |       ||     2
Armor: Skin              |    32 |    43 |    13 ||    88
Dodge: Dodged            |    66 |    77 |    80 ||   223
